Map: Abiogenesis LE

Players

Priv - Winner!

  • Race: Terran Terran

Freiya

  • Race: Protoss Protoss

VOD

Have the link to the VOD?

Description

Time

  • Played on: Sept. 21, 2026, 10:34 a.m.
  • Length: 23:06
Show
View Real Time Build Order
Export as new Build Order

Priv Terran - Winner!

Build Orders:  

Get SALT Encoding   

  8  0:00  SCV  
  9  0:13  SCV  
  10  0:26  SCV  
  11  0:31  Supply Depot  
  11  0:39  SCV  
  12  0:48  Refinery  
  12  1:03  Barracks  
  12  1:08  SCV  
  13  1:20  SCV  
  14  1:27  Supply Depot  
  15  1:32  SCV  
  15  1:45  SCV  
  16  1:51  Marine  
  17  1:58  SCV  
  17  1:59  Refinery  
  18  2:15  Engineering Bay  
  18  2:23  Barracks Tech Lab  
  18  2:27  Orbital Command  
  18  2:42  Factory  
  18  2:59  Barracks  
  18  3:05  Marine  
  19  3:22  Terran Infantry Weapons Level 1  
  19  3:23  Stimpack  
  19  3:26  SCV  
  20  3:46  Command Center  
  20  3:51  Factory Tech Lab  
  20  3:52  Barracks Reactor  
  20  4:03  SCV  
  20  4:06  Marauder  
  23  4:13  Siege Tank  
  26  4:20  SCV  
  27  4:36  Marine  
  27  4:37  Marine  
  29  4:43  Supply Depot  
  29  4:57  Marine  
  29  4:58  Siege Tank, Marauder  
  29  4:59  Supply Depot  
  35  5:03  Concussive Shells  
  35  5:05  SCV  
  36  5:08  Refinery  
  28  5:29  Marine  
  27  5:47  Marine  
  25  6:02  Marine  
  25  6:03  Marine  
  27  6:05  Marauder  
  28  6:20  Marine  
  28  6:21  Marine  
  30  6:27  Marauder  
  32  6:35  Starport  
  32  6:45  Marine x2  
  34  6:48  Marauder  
  34  6:50  Siege Tank  
  39  6:59  SCV  
  40  7:09  Marauder  
  40  7:11  SCV  
  40  7:13  Starport Tech Lab  
  43  7:31  Marauder  
  43  7:33  Command Center  
  45  7:43  Siege Tank  
  48  7:44  Marine x2  
  50  7:56  Marauder  
  52  8:00  Supply Depot  
  52  8:01  Combat Shield  
  52  8:19  Bunker  
  50  8:52  Marine x2, Marauder  
  50  8:53  Siege Tank  
  57  9:02  SCV  
  58  9:10  Marine  
  58  9:14  Marauder  
  58  9:15  Medivac  
  58  9:16  Refinery  
  63  9:29  Terran Infantry Armor Level 1  
  63  9:32  Orbital Command  
  63  9:42  Siege Tank  
  66  9:53  SCV  
  66  9:59  SCV  
  68  10:03  Refinery  
  68  10:11  SCV x2, Marine  
  71  10:14  Widow Mine  
  71  10:20  Armory  
  73  10:23  SCV  
  74  10:39  Supply Depot  
  74  11:01  Marine, SCV, Marauder  
  78  11:13  SCV  
  78  11:16  Siege Tank  
  78  11:17  Supply Depot  
  82  11:26  Viking  
  82  11:28  Supply Depot  
  84  11:40  Supply Depot  
  84  11:49  Siege Tank  
  88  12:03  Supply Depot  
  86  12:11  Raven  
  86  12:21  Siege Tank  
  89  12:31  Missile Turret  
  89  12:32  Missile Turret  
  89  12:42  Starport  
  75  13:05  Command Center  
  75  13:28  Terran Infantry Armor Level 2  
  75  13:30  Terran Vehicle Weapons Level 1  
  75  13:33  Marine x2  
  79  13:34  Marauder  
  79  13:48  Starport Tech Lab  
  79  13:49  Starport Reactor  
  81  13:56  Marauder, SCV  
  76  14:20  Orbital Command  
  76  14:23  SCV  
  77  14:24  Marine  
  77  14:31  Viking  
  80  14:36  SCV  
  81  14:48  SCV  
  81  14:52  Orbital Command  
  75  15:19  Factory Tech Lab  
  75  15:21  Missile Turret  
  75  15:22  Factory  
  75  15:24  Terran Vehicle And Ship Armor Level 1  
  75  15:25  SCV  
  76  15:35  SCV  
  77  15:44  Terran Infantry Weapons Level 2, Viking  
  77  15:47  SCV  
  77  15:49  Missile Turret  
  80  15:59  SCV  
  81  16:16  Medivac  
  83  16:36  Marine x2  
  67  17:22  Orbital Command  
  67  17:32  Siege Tank  
  67  17:33  Factory Tech Lab  
  67  17:35  SCV  
  71  17:42  Missile Turret  
  71  17:47  SCV  
  72  17:59  SCV  
  72  18:04  Siege Tank  
  72  18:05  SCV  
  77  18:17  SCV  
  78  18:24  Barracks  
  78  18:29  SCV  
  79  18:36  Siege Tank  
  82  18:41  SCV  
  83  18:51  Supply Depot  
  83  18:57  Siege Tank  
  83  19:01  Marine  
  87  19:08  Siege Tank  
  90  19:14  Marauder, Supply Depot  
  92  19:26  Viking  
  92  19:27  Marine x2  
  96  19:35  Marauder  
  98  19:42  Missile Turret  
  98  19:44  Marine  
  90  21:01  Medivac  
Show
View Real Time Build Order
Export as new Build Order

Freiya Protoss 

Build Orders:  

Get SALT Encoding   

  8  0:00  Probe (Chrono Boost)  
  9  0:11  Probe (Chrono Boost)  
  10  0:19  Probe  
  11  0:31  Probe  
  12  0:36  Pylon  
  12  0:45  Probe  
  13  0:57  Probe  
  13  0:59  Gateway  
  14  1:15  Gateway  
  14  1:32  Probe  
  15  1:34  Assimilator  
  15  1:44  Probe  
  16  1:56  Probe  
  17  2:03  Pylon  
  17  2:09  Cybernetics Core  
  17  2:36  Gateway  
  17  2:39  Gateway  
  17  2:42  Pylon  
  17  2:44  Pylon  
  17  2:45  Warp Gate (Chrono Boost)  
  17  2:47  Assimilator  
  17  2:48  Probe  
  18  3:00  Probe  
  19  3:19  Probe  
  20  3:32  Probe  
  21  3:44  Probe  
  22  3:50  Pylon  
  22  3:56  Probe  
  23  4:05  Nexus  
  23  4:12  Sentry  
  23  4:13  Zealot  
  27  4:23  Zealot  
  29  4:24  Zealot  
  29  4:29  Assimilator  
  31  4:40  Stalker  
  31  4:44  Stalker  
  35  4:55  Stalker  
  31  5:39  Stalker x2  
  31  5:40  Stalker x2  
  23  6:26  Twilight Council  
  23  6:28  Twilight Council  
  23  6:33  Gateway  
  23  6:36  Gateway  
  23  6:38  Zealot  
  23  6:39  Zealot x3  
  31  6:42  Probe (Chrono Boost)  
  32  6:52  Probe (Chrono Boost)  
  33  6:59  Charge (Chrono Boost)  
  33  7:00  Blink (Chrono Boost)  
  33  7:11  Robotics Facility  
  33  7:19  Stalker  
  33  7:21  Stalker  
  37  7:23  Probe  
  38  7:35  Zealot  
  40  7:44  Zealot  
  40  7:45  Zealot  
  44  8:07  Zealot  
  44  8:08  Zealot  
  48  8:16  Zealot  
  48  8:17  Zealot x2  
  48  8:18  Zealot  
  56  8:29  Probe (Chrono Boost)  
  57  8:39  Probe (Chrono Boost)  
  50  8:44  Probe (Chrono Boost)  
  43  8:54  Pylon  
  43  8:56  Probe  
  43  8:58  Pylon  
  44  9:03  Pylon  
  44  9:08  Probe  
  45  9:12  Stalker (Chrono Boost)  
  45  9:14  Sentry x2 (Chrono Boost)  
  55  9:17  Stalker (Chrono Boost)  
  55  9:18  Stalker (Chrono Boost)  
  55  9:23  Dark Shrine  
  55  9:37  Gateway  
  55  9:39  Gateway  
  55  9:46  Zealot x3  
  55  9:49  Zealot  
  63  10:09  Nexus  
  63  10:15  Probe (Chrono Boost)  
  64  10:22  Shadow Stride (Chrono Boost)  
  64  10:26  Probe (Chrono Boost)  
  65  10:31  Probe (Chrono Boost)  
  66  10:39  Zealot x4  
  74  10:49  Pylon  
  74  10:51  Pylon  
  74  10:54  Pylon  
  74  11:07  Probe  
  74  11:08  Dark Templar  
  74  11:09  Dark Templar  
  79  11:11  Observer (Chrono Boost)  
  80  11:31  Dark Templar (Chrono Boost)  
  80  11:32  Dark Templar (Chrono Boost)  
  84  11:45  Dark Templar x2 (Chrono Boost)  
  70  13:17  Dark Templar (Chrono Boost)  
  70  13:18  Dark Templar (Chrono Boost)  
  72  13:31  Dark Templar x2 (Chrono Boost)  
  72  13:32  Zealot x6 (Chrono Boost)  
  88  13:46  Zealot x2 (Chrono Boost)  
  88  13:47  Zealot x4 (Chrono Boost), Dark Templar (Chrono Boost)  
  104  13:49  Dark Templar (Chrono Boost)  
  104  13:57  Probe  
  79  14:09  Probe  
  72  14:21  Probe  
  73  14:33  Probe  
  75  14:45  Probe  
  71  14:58  Dark Templar (Chrono Boost)  
  67  15:02  Dark Templar (Chrono Boost)  
  67  15:03  Probe (Chrono Boost)  
  68  15:11  Dark Templar x2 (Chrono Boost)  
  68  15:13  Probe (Chrono Boost)  
  71  15:18  Probe (Chrono Boost)  
  74  15:27  Assimilator  
  74  15:29  Probe  
  74  15:31  Assimilator  
  75  15:36  Assimilator  
  75  15:41  Probe x2  
  77  15:53  Stalker x2, Probe  
  82  16:05  Probe  
  83  16:17  Probe  
  84  16:30  Probe  
  70  17:45  Dark Templar x2  
  44  18:13  Dark Templar  
  44  18:18  Zealot x2  
  50  18:43  Dark Templar  
  50  18:47  Zealot  
  50  18:48  Zealot x2  
  56  18:49  Zealot  
  60  19:20  Dark Templar  
  60  19:23  Dark Templar  
  64  19:36  Zealot x2  
  64  19:37  Zealot  
  51  20:20  Dark Templar x2  
Tags
 
Add a new tag
Caveats
  • Supply blocks, unpowered buildings, or Contaminate may cause inaccurate times.
  • Supply counts are checked every 10 seconds.